 Dungeon Crawl Stone Soup version 0.28-a0-500-g121bc3e445 (webtiles) character file.

Game seed: 3923318762558066128

3 siradein the Ducker (level 1, -1/16 HPs)
             Began as a Vampire Gladiator on Sept 20, 2021.
             Slain by a gnoll (6 damage)
             ... on level 1 of the Dungeon.
             The game lasted 00:01:00 (239 turns).

siradein the Ducker (Vampire Gladiator)              Turns: 239, Time: 00:01:00

Health: -1/16      AC:  4    Str: 13    XL:     1   Next: 41%
Magic:  1/1        EV: 12    Int: 10    God:
Gold:   9          SH:  0    Dex: 15    Spells: 0/0 levels left

rFire   . . .      SeeInvis +   a - +0 long sword
rCold   . . .      Faith    .   (no shield)
rNeg    . . .      Spirit   .   b - +0 leather armour
rPois   .          Reflect  .   c - +0 helmet
rElec   .          Harm     .   (no cloak)
rCorr   .          Rampage  .   (no gloves)
Will    .....                   (no boots)
Stlth   +.........              (no amulet)
HPRegen 0.25/turn               (no ring)
MPRegen 0.07/turn               (no ring)

@: healing quickly
A: alive, fangs 3, see invisible, vampiric 1
a: Exsanguinate


You were on level 1 of the Dungeon.
You visited 1 branch of the dungeon, and saw 1 of its levels.

You collected 9 gold pieces.

Inventory:

Hand Weapons
 a - a +0 long sword (weapon)
Missiles
 d - 3 throwing nets
 e - 13 stones (quivered)
Armour
 b - a +0 leather armour (worn)
 c - a +0 helmet (worn)
Potions
 f - a potion of degeneration {unknown}


   Skills:
 + Level 1.8 Fighting
 + Level 3.0 Long Blades
 + Level 1.6 Throwing
 + Level 3.3 Dodging


You couldn't memorise any spells.
You didn't know any spells.
Your spell library was empty.

Dungeon Overview and Level Annotations

Branches:
Dungeon (1/15)

Altars:


Innate Abilities, Weirdness & Mutations

Your natural rate of healing is accelerated.
You have razor-sharp teeth.
You have supernaturally acute eyesight. (SInv)
You are afflicted with vampirism.


Message History

A bat comes into view.
The rat bites you but does no damage.
You hit the rat.
You kill the rat!
The bat hits you but does no damage.
You hit the bat.
You kill the bat!
No target in view!
No target in view!
No target in view!
No target in view!
You now have 9 gold pieces.
You see here a bat corpse.
A gnoll comes into view. It is wielding a +0 flail.
The gnoll shouts!
You hear a shout!
A goblin comes into view. It is wielding a +0 club.
There are monsters nearby!
There are monsters nearby!
There are monsters nearby!
There are monsters nearby!
Found a stone staircase leading down.
A kobold comes into view. It is wielding a +0 dagger.
The kobold shouts!
The kobold moves out of view.
A frilled lizard comes into view.
The gnoll hits you with a +0 flail!
Ouch! That really hurt!
* * * LOW HITPOINT WARNING * * *
You are too injured to fight recklessly!
You are too injured to fight recklessly!
You are too injured to fight recklessly!
You are too injured to fight recklessly!
You see here a bat corpse.
You hit the gnoll but do no damage. The gnoll barely misses you.
You hit the gnoll.
The gnoll is moderately wounded.
The gnoll hits you with a +0 flail!
* * * LOW HITPOINT WARNING * * *
The gnoll hits you with a +0 flail.
You die...

#.# #.# #.# #.#
#.# #.# #.# #.#
#.# ####.# #.#
..##.# #.# #.##.#
#.# #.##.# #@#
#.##.# #g# #.#..#
#.# #†#.## #K#
#.#†## #.# #..K..
#.# ###.## #.#
#.#
#.#############.#
#...K...........#


You could see a gnoll and a kobold.

Vanquished Creatures
  A hobgoblin (D:1)
  A ball python (D:1)
  A bat (D:1)
  A rat (D:1)
4 creatures vanquished.

Notes
Turn   | Place    | Note
-------+----------+-------------------------------------------
     0 | D:1      | siradein the Vampire Gladiator began the quest for the Orb.
     0 | D:1      | Reached XP level 1. HP: 16/16 MP: 1/1
   239 | D:1      | Slain by a gnoll

Illustrated notes

Levels and vault maps discovered:
D:1:      dpeg_arrival_signposts, layout_basic, palyth_stone_intersect

Action                   || total
-------------------------++-------
Melee: Long sword        ||     8
Armor: Leather armour    ||     3
Dodge: Dodged            ||     4

Table legend: (Time is in decaauts)
 A = Elapsed time spent in this place.
 B = Non-inter-level travel time spent in this place.
 C = Inter-level travel time spent in this place.
 D = Time resting spent in this place.
 E = Time spent auto-exploring this place.
 F = Levels seen in this place.
 G = Mean time per level.
                   A        B        C        D        E       F      G
               +--------+--------+--------+--------+--------+-----+--------+
         Total |    241 |    241 |      0 |      0 |    155 |   1 |  241.0 |
       Dungeon |    241 |    241 |      0 |      0 |    155 |   1 |  241.0 |
               +--------+--------+--------+--------+--------+-----+--------+

Top non-repeatable levels by time:
     D:1: 241 daAuts
